 Dungeon Crawl Stone Soup version 0.24.0-13-gcf9b3192b9 (webtiles) character file.

Game seed: 16342987086459948409, levelgen mode: deterministic

6576 Mrkan the Magus (level 10, -1/106 HPs)
             Began as a Troll Monk on Nov 5, 2019.
             Was an Elder of Nemelex Xobeh.
             Killed from afar by an electric eel (4 damage)
             ... with a bolt of electricity
             ... on level 10 of the Dungeon.
             The game lasted 00:17:28 (8259 turns).

Mrkan the Magus (Troll Monk)                        Turns: 8259, Time: 00:17:30

Health: -1/106     AC: 11    Str: 21    XL:     10   Next: 71%
Magic:  16/16      EV:  7    Int:  9    God:    Nemelex Xobeh [****..]
Gold:   375        SH:  8    Dex: 12    Spells: 9/9 levels left

rFire    . . .     SeeInvis .     - Unarmed
rCold    + . .     Gourm    +   H - +1 shield {rC+}
rNeg     . . .     Faith    .   I - +0 troll leather armour
rPois    +         Spirit   .   (helmet restricted)
rElec    .         Reflect  .   n - +2 cloak {rPois}
rCorr    .         Harm     .   (gloves unavailable)
MR       .....                  (boots unavailable)
Stlth    +.........             (no amulet)
HPRegen  1.07/turn              (no ring)
MPRegen  0.15/turn              (no ring)

@: no status effects
A: large, unfitting armour, claws 3, fast metabolism 3, gourmand, regeneration
1, shaggy fur 1, tough skin 3
a: Draw Escape, Draw Destruction, Draw Summoning, Triple Draw, Deal Four,
Renounce Religion


You were on level 10 of the Dungeon.
You worshipped Nemelex Xobeh.
Nemelex Xobeh was greatly pleased with you.
You were hungry.

You visited 1 branch of the dungeon, and saw 10 of its levels.

You collected 650 gold pieces.
You spent 275 gold pieces at shops.

Inventory:

Missiles
 f - 8 atropa-tipped darts (quivered)
 q - a throwing net
Armour
 n - a +2 cloak of poison resistance (worn)
 C - a +0 robe of magic resistance
 H - a +1 shield of cold resistance (worn)
 I - a +0 troll leather armour (worn)
Jewellery
 m - a cursed amulet of inaccuracy {unknown}
 r - an uncursed ring of wizardry {unknown}
Wands
 s - a wand of acid (6)
 u - a wand of flame (38)
 x - a wand of polymorph (6)
 y - a wand of random effects (39)
Scrolls
 e - 6 scrolls of teleportation {unknown}
 g - 3 scrolls of magic mapping {unknown}
 i - 2 scrolls of immolation {unknown}
 j - a scroll of fear {unknown}
 l - a scroll of random uselessness {unknown}
 o - 7 scrolls of identify {unknown}
 p - 8 scrolls of remove curse {unknown}
 w - 5 scrolls of enchant weapon {unknown}
 z - a scroll of enchant armour {unknown}
 B - a scroll of torment {unknown}
 E - a scroll of vulnerability {unknown}
Potions
 a - a potion of brilliance {unknown}
 c - 4 potions of haste {unknown}
 d - 5 potions of ambrosia
 h - 3 potions of might {unknown}
 k - a potion of heal wounds
 t - 2 potions of mutation {unknown}
 v - 2 potions of degeneration {unknown}
 A - 4 potions of curing {unknown}
 D - a potion of flight {unknown}
 F - a potion of lignification {unknown}
 G - a potion of cancellation {unknown}
Comestibles
 b - 18 rations
 J - 3 chunks of flesh


   Skills:
 + Level 8.4 Fighting
 - Level 2.4 Dodging
 - Level 1.0 Stealth
 - Level 8.0 Unarmed Combat
 * Level 10.2 Invocations


You had 9 spell levels left.
You didn't know any spells.
Your spell library contained the following spells:

 Spells                   Type           Power        Failure   Level  Hunger
 Animate Skeleton         Necr           N/A          97%         1    ##.....
 Pain                     Necr           #...         97%         1    ##.....
 Sting                    Conj/Pois      #...         97%         1    ##.....
 Poisonous Vapours        Pois/Air       #.....       99%         2    ###....
 Mephitic Cloud           Conj/Pois/Air  #.......     100%        3    ####...
 Regeneration             Chrm/Necr      #.........   100%        3    ####...
 Vampiric Draining        Necr           #.........   100%        3    ####...
 Animate Dead             Necr           N/A          100%        4    #####..
 Olgreb's Toxic Radiance  Pois           #.......     100%        4    #####..
 Venom Bolt               Conj/Pois      #.........   100%        5    ######.


Dungeon Overview and Level Annotations

Branches:
Dungeon (10/15)            Temple (0/1) D:6            Lair (0/6) D:9
    Orc: D:9-12

Altars:
Ashenzari
Dithmenos
Elyvilon
Fedhas
Gozag
Kikubaaqudgha
Makhleb
Nemelex Xobeh
Qazlal
Ru
Sif Muna
Wu Jian
Yredelemnul

Shops:
D:4 [   D:5 =   D:6 !   D:10 [

Annotations:
D:7 2 transporters, SnubMonkey's ghost, amateur DrTm


Innate Abilities, Weirdness & Mutations

You are too large for most types of armour.
You have claws for hands.
Your metabolism is lightning-fast.
You like to eat raw meat.
Your natural rate of healing is unusually fast.
You are covered in fur. (AC +1)
You have extremely tough skin. (AC +3)


Message History

The bolt of electricity hits you!
* * * LOW HITPOINT WARNING * * *
The electric eel shoots out a bolt of lightning at you!
The bolt of electricity hits the electric eel.
The electric eel completely resists.
The bolt of electricity hits you.
* * * LOW HITPOINT WARNING * * *
The electric eel shoots out a bolt of lightning at you!
The bolt of electricity hits you.
* * * LOW HITPOINT WARNING * * *
The electric eel shoots out a bolt of lightning at you!
The bolt of electricity hits you!
* * * LOW HITPOINT WARNING * * *
The electric eel shoots out a bolt of lightning at you!
The bolt of electricity hits you.
* * * LOW HITPOINT WARNING * * *
The electric eel shoots out a bolt of lightning at you!
The bolt of electricity hits the electric eel.
The electric eel completely resists.
The bolt of electricity hits you.
You die...
Your body glows with a rainbow of weird colours and disappears.

##########.##.# # #.[..# #
####.# # ..#.# # #.#÷#
###### # ###.#.## #....# #
#......# #....#
#.#######....†.###....####
................@.........
..#######≈≈.≈.........≈≈≈≈
..............≈≈≈≈.;≈.≈≈≈≈
..#..<#)#≈..≈≈≈≈≈≈.≈≈.≈≈≈≈
#.#.###.#≈≈.≈≈≈≈≈≈.≈≈.;≈≈≈
#.# # #............≈≈.≈≈≈≈
#.# ###≈≈≈.≈≈≈≈..≈≈.≈;≈≈ #
#≈≈≈..≈≈≈..≈≈.≈≈≈≈
#≈≈≈≈.≈≈≈..≈≈.≈≈≈≈


You could see 3 electric eels.

Vanquished Creatures
  Pikel (D:9)
  Joseph (D:7)
  3 trolls
  A spriggan (D:9)
  2 wyverns
  Menkaure (D:7)
  3 hungry ghosts
  A water moccasin (D:8)
  3 slaves (D:9)
  An ice beast (D:6)
  3 orc warriors
  4 sky beasts
  3 ogres
  2 phantoms (D:7)
  3 centaurs
  8 big kobolds
  2 bullfrogs
  A wyvern zombie (D:8)
  A wyvern skeleton (D:10)
  A scorpion (D:7)
  6 killer bees
  3 electric eels (D:6)
  2 howler monkeys
  2 bullfrog zombies
  3 crimson imps
  2 bullfrog skeletons
  2 gnoll shamans (D:4)
  5 hounds
  5 orc priests
  Crazy Yiuf (D:2)
  4 iguanas
  4 orc wizards (D:7)
  9 worker ants
  A killer bee zombie (D:9)
  A howler monkey zombie (D:8)
  3 worker ant zombies
  11 gnolls
  4 adders
  2 shadow imps (D:7)
  3 adder skeletons
  4 worms (D:4)
  A dart slug (D:2)
  3 leopard geckos
  34 orcs
  6 bats
  7 giant cockroaches
  15 hobgoblins
  8 jackals (D:5)
  56 kobolds
  4 quokkas
  2 ball pythons
  6 frilled lizards
  6 goblins
  A jackal skeleton (D:4)
  A leopard gecko skeleton (D:5)
  2 quokka skeletons
  8 rats
282 creatures vanquished.

Vanquished Creatures (others)
  4 toadstools (D:1)
4 creatures vanquished.

Grand Total: 286 creatures vanquished

Notes
Turn   | Place    | Note
-------+----------+-------------------------------------------
     0 | D:1      | Mrkan the Troll Monk began the quest for the Orb.
     0 | D:1      | Reached XP level 1. HP: 22/22 MP: 0/0
   147 | D:1      | Reached XP level 2. HP: 29/29 MP: 1/1
   443 | D:1      | Reached XP level 3. HP: 36/36 MP: 2/2
  1160 | D:2      | Reached XP level 4. HP: 45/45 MP: 3/3
  1377 | D:2      | Found a runed translucent door.
  1378 | D:2      | Noticed Crazy Yiuf
  1428 | D:2      | Found a faded altar of an unknown god.
  1572 | D:2      | Killed Crazy Yiuf
  1685 | D:3      | Reached skill level 5 in Unarmed Combat
  1685 | D:3      | Reached XP level 5. HP: 51/53 MP: 4/4
  2147 | D:3      | Found a sparkling altar of Nemelex Xobeh.
  2236 | D:3      | Became a worshipper of Nemelex Xobeh the Trickster
  2236 | D:3      | Received a gift from Nemelex Xobeh
  2236 | D:3      | Reached * piety under Nemelex Xobeh
  2236 | D:3      | Received a gift from Nemelex Xobeh
  2236 | D:3      | Received a gift from Nemelex Xobeh
  2236 | D:3      | Reached ** piety under Nemelex Xobeh
  2279 | D:4      | Found a stormy altar of Qazlal.
  2331 | D:4      | Reached XP level 6. HP: 37/62 MP: 5/5
  2538 | D:4      | Received a gift from Nemelex Xobeh
  2629 | D:4      | Found Eworch Okide's Armour Shop.
  2797 | D:4      | Found a burning altar of Makhleb.
  2928 | D:4      | Reached XP level 7. HP: 64/70 MP: 6/6
  2991 | D:4      | Found an opulent altar of Gozag.
  3180 | D:5      | Entered Level 5 of the Dungeon
  3307 | D:5      | Found a shattered altar of Ashenzari.
  3307 | D:5      | Received a gift from Nemelex Xobeh
  3484 | D:5      | Found Poapuc's Jewellery Boutique.
  3683 | D:5      | Reached *** piety under Nemelex Xobeh
  3745 | D:5      | Reached skill level 5 in Fighting
  3745 | D:5      | Reached skill level 1 in Invocations
  3745 | D:5      | Reached XP level 8. HP: 72/80 MP: 6/8
  3868 | D:5      | Reached skill level 2 in Invocations
  3975 | D:6      | Found a shadowy altar of Dithmenos.
  3975 | D:6      | Found a basalt altar of Yredelemnul.
  3976 | D:6      | Found an ancient bone altar of Kikubaaqudgha.
  3986 | D:6      | Found Ocuwkoir's Distillery.
  3994 | D:6      | Bought a potion of heal wounds for 65 gold pieces
  4154 | D:6      | Found a blossoming altar of Fedhas.
  4159 | D:6      | Reached skill level 3 in Invocations
  4339 | D:6      | Received a gift from Nemelex Xobeh
  4391 | D:6      | Found a sacrificial altar of Ru.
  4779 | D:6      | Reached skill level 4 in Invocations
  4966 | D:6      | Reached skill level 5 in Invocations
  5043 | D:6      | Reached XP level 9. HP: 89/89 MP: 12/12
  5114 | D:6      | Found a staircase to the Ecumenical Temple.
  5196 | D:7      | Found a white marble altar of Elyvilon.
  5196 | D:7      | Noticed a troll
  5214 | D:7      | Killed a troll
  5225 | D:7      | Reached skill level 6 in Invocations
  5235 | D:7      | Received a gift from Nemelex Xobeh
  5245 | D:7      | Found an ornate altar of the Wu Jian Council.
  5617 | D:7      | Found a transporter.
  5623 | D:7      | Found a transporter.
  5623 | D:7      | Noticed a moth of wrath
  5630 | D:7      | Noticed SnubMonkey's ghost (amateur DrTm)
  5638 | D:7      | Noticed Joseph
  5675 | D:7      | Killed Joseph
  5675 | D:7      | Reached skill level 7 in Invocations
  5903 | D:7      | Reached **** piety under Nemelex Xobeh
  6121 | D:7      | Found Rues's Antique Armour Boutique.
  6174 | D:7      | Noticed Menkaure
  6179 | D:7      | Killed Menkaure
  6179 | D:7      | Reached skill level 8 in Invocations
  6421 | D:8      | Received a gift from Nemelex Xobeh
  6472 | D:8      | Reached XP level 10. HP: 76/102 MP: 15/15
  6984 | D:8      | Found a shimmering blue altar of Sif Muna.
  7286 | D:9      | Noticed Pikel
  7310 | D:9      | Killed Pikel
  7310 | D:9      | Reached skill level 9 in Invocations
  7506 | D:9      | Received a gift from Nemelex Xobeh
  7690 | D:9      | Found a staircase to the Lair.
  7809 | D:10     | Entered Level 10 of the Dungeon
  7813 | D:10     | Found Fugaudinu's Antique Armour Boutique.
  7820 | D:10     | Bought a runed shield for 210 gold pieces
  8140 | D:10     | Reached skill level 10 in Invocations
  8256 | D:10     | HP: 5/106 [electric eel/bolt of electricity (10)]
  8259 | D:10     | Killed from afar by an electric eel

Levels and vault maps discovered:
D:1:      minmay_arrival_nine_rooms, layout_loops_ring,
          minmay_gold_behind_fungi, chequers_serial_rivers_marsh, minivault_25
D:2:      minmay_spotlight, layout_loops_ring, chequers_ecumenical_altar_grove,
          serial_bayou_pond_b, uniq_crazy_yiuf_cottage
D:3:      layout_loops_cross, lemuel_doored_altar, minmay_liquid_box
D:4:      layout_basic, nicolae_overflow_hidden_temple, grunt_qazlal_clouds,
          marbit_many_paths, serial_shops, kennysheep_mini_moat, first_ration,
          chequers_serial_rivers_large_b, chequers_decorated_corner,
          minmay_fractal_squares_gapless_5
D:5:      layout_basic, evilmike_ruin_ashenzari, serial_shops,
          nicolae_shop_trees, hangedman_abyss_or_decor_lesser_grid
D:6:      minmay_goblin_kobold_castle, layout_basic, overflow_temple_1_default,
          nicolae_overflow_quartered_altars, minmay_temple_entry_antechambers,
          serial_shops, shop_fountains, mrwooster_statue_mirror
D:7:      layout_loops_ring, old_standard_altar, overflow_temple_1_default,
          serial_shops, nicolae_shop_trees, gammafunk_ghost_berserking_beasts,
          palyth_stone_intersect, uniq_joseph, uniq_menkaure
D:8:      layout_gridville, led_sif_book
D:9:      layout_loops_ring, lair_entry_dummy, the_bakery, uniq_pikel
D:10:     layout_basic, orc_0_dummy, enter_trove_1, serial_shops, shop_statue,
          xom_shifter_show

Skill      XL: |  1  2  3  4  5  6  7  8  9 10 |
---------------+-------------------------------+-----
Unarmed Combat | 4 5 6 8 |  8.0
Fighting       | 3 4 5 6 7 8 |  8.4
Invocations    | 1 5 8 10 | 10.2
Dodging        | |  2.4
Stealth        | |  1.0

Action                   |  1- 3 |  4- 6 |  7- 9 | 10-12 || total
-------------------------+-------+-------+-------+-------++-------
Melee: Unarmed           |   116 |   159 |   399 |   169 ||   843
       Punch             |       |     2 |    15 |     2 ||    19
 Abil: Draw Destruction  |       |       |     5 |     3 ||     8
       Draw Escape       |       |       |     1 |       ||     1
  Use: Potion            |       |     1 |     2 |     1 ||     4
 Stab: Sleeping          |     1 |     1 |     6 |     1 ||     9
  Eat: Chunk             |    16 |    17 |    25 |    27 ||    85
       Ration            |       |       |     1 |     1 ||     2
Armor: Robe              |    64 |    57 |   196 |    31 ||   348
       Troll leather arm |       |       |       |    18 ||    18
Dodge: Dodged            |    61 |    67 |   262 |    73 ||   463
Block: Shield            |       |       |       |    26 ||    26
